 Dungeon Crawl Stone Soup version 0.22.1-1-ga44c0e56f4 (webtiles) character file.

14 Masnef the Caller (level 2, 0/15 HPs)
             Began as a Tengu Summoner on Nov 10, 2018.
             Succumbed to an adder's poison
             ... on level 1 of the Dungeon.
             The game lasted 00:03:30 (1161 turns).

Masnef the Caller (Tengu Summoner)                  Turns: 1161, Time: 00:03:31

Health: 0/15       AC:  2    Str:  5 (8)  XL:     2   Next: 45%
Magic:  3/6        EV: 12    Int: 13 (15) God:
Gold:   66         SH:  0    Dex: 11 (14) Spells: 4/5 levels left

rFire    + . .     SeeInvis .   h - +0 hand axe
rCold    . . .     Gourm    .   (no shield)
rNeg     . . .     Faith    .   a - +0 robe
rPois    .         Spirit   .   (helmet restricted)
rElec    .         Reflect  .   (no cloak)
rCorr    .         Harm     .   (no gloves)
MR       .....                  (boots unavailable)
Stlth    ++........             (no amulet)
HPRegen  0.05/turn              d - ring of protection from fire
MPRegen  0.10/turn              (no ring)

@: lethally poisoned (0 -> -13)
A: beak, talons 3
a: no special abilities


You were on level 1 of the Dungeon.
You were hungry.

You visited 1 branch of the dungeon, and saw 2 of its levels.

You collected 66 gold pieces.

Inventory:

Hand Weapons
 e - a +0 club
 f - a +0 dagger
 h - a +0 hand axe (weapon)
Armour
 a - a +0 robe (worn)
Jewellery
 d - a ring of protection from fire (left hand)
Scrolls
 b - a scroll of remove curse {unknown}
Comestibles
 c - 2 rations


   Skills:
 * Level 2.4 Dodging
 - Level 2.0 Stealth
 - Level 2.0 Spellcasting
 + Level 5.4 Summonings


You had 4 spell levels left.
You knew the following spells:

 Your Spells              Type           Power        Failure   Level  Hunger
a - Summon Small Mammal   Summ           ###.         2%          1    ##.....

Your spell library contained the following spells:

 Spells                   Type           Power        Failure   Level  Hunger
 Call Imp                 Summ           ###.....     4%          2    ###....
 Call Canine Familiar     Summ           ###.....     9%          3    ####...
 Summon Guardian Golem    Hex/Summ       #.......     26%         3    ####...
 Summon Ice Beast         Ice/Summ       #.......     63%         4    #####..
 Summon Lightning Spire   Summ/Air       #.......     63%         4    #####..


Dungeon Overview and Level Annotations

Branches:
Dungeon (2/15)

Altars:


Innate Abilities, Weirdness & Mutations

You have a beak for a mouth.
You have claws for feet.


Message History

Unknown command.
You drop a scroll labeled YRORYCK HIVUPO.
* * * LOW HITPOINT WARNING * * *
You feel sick. The adder closely misses you.
Your quokka bites the adder.
Your rat completely misses the adder.
Unknown command.
Drop what? 8/52 slots (_ for help) (? for menu, Esc to quit)
Okay, then.
Quiver which item? (- for none, * to show all) (? for menu, Esc to quit)
Okay, then.
It was a potion of degeneration.
There was something very wrong with that liquid.
You feel weakened.
You feel dopey.
You feel clumsy.
* * * LOW HITPOINT WARNING * * *
You feel sick. The adder barely misses your quokka.
Your quokka misses the adder. x2; The adder misses your quokka.
Your rat bites the adder.
You barely miss the adder. Your peck misses the adder.
The adder is severely wounded.
You die...

#.##..........#.# #.######.#
#.###.#.###...#.# #.# #.#
......#.# #.....# #.# #.#
#..#..#.# #...#.# #.# #.#
#..#..#.###.#...# #.######.#
#..#..#.##......# #........#
................# ########.###
#..#.##.......rr### #......
#.............rS@.#########.#.###
####.##........##...........#.#
(.......##..(#.##############.#
.###.#####...#.######.........#
.###.# #####........#########
.....# ########## ######


You could see an adder, 2 friendly quokkas and a friendly rat.

Vanquished Creatures
  2 giant cockroaches (D:1)
  A goblin (D:1)
  A jackal (D:1)
  3 kobolds (D:1)
  A bat (D:1)
  2 frilled lizards (D:1)
  A rat (D:1)
11 creatures vanquished.

Vanquished Creatures (collateral kills)
  A bat (D:1)
  3 jackals (D:1)
  A goblin (D:1)
5 creatures vanquished.

Grand Total: 16 creatures vanquished

Notes
Turn   | Place    | Note
-------+----------+-------------------------------------------
     0 | D:1      | Masnef the Tengu Summoner began the quest for the Orb.
     0 | D:1      | Reached XP level 1. HP: 10/10 MP: 4/4
    37 | D:1      | Reached skill level 5 in Summonings
   203 | D:1      | Reached XP level 2. HP: 3/15 MP: 0/6
  1161 | D:1      | Succumbed to an adder's poison

Skill      XL: |  1 |
---------------+----+-----
Summonings     | 5 |  5.4
Dodging        | |  2.4
Stealth        | |  2.0
Spellcasting   | |  2.0

Action                   || total
-------------------------++-------
Melee: Unarmed           ||    14
       Club              ||    25
       Kick              ||     7
       Peck              ||     4
       Hand axe          ||     5
 Cast: Summon Small Mamm ||    13
  Use: Potion            ||     1
 Stab: Sleeping          ||     4
Armor: Robe              ||    11
Dodge: Dodged            ||    52
